 Dungeon Crawl Stone Soup version 0.21-a0-40-ge4214e1 (webtiles) character file.

20851 Deathclocker the Carver (level 12, -1/110 HPs)
             Began as a Minotaur Fighter on June 3, 2017.
             Was the Champion of Okawaru.
             Succumbed to a naga's splash of poison
             ... on level 2 of the Snake Pit.
             The game lasted 00:27:46 (12517 turns).

Deathclocker the Carver (Minotaur Fighter)         Turns: 12517, Time: 00:27:47

Health: -1/110     AC: 21    Str: 37 (38) XL:     12   Next: 49%
Magic:  11/11      EV:  8    Int:  4 (5)  God:    Okawaru [******]
Gold:   703        SH: 14    Dex: 10 (12) Spells: 11/11 levels left

rFire    + . .     SeeInvis .   U - +9 falchion "Niuriss" {venom, rElec rPois rN+ Dex+3}
rCold    + . .     Gourm    +   c - +0 shield
rNeg     + . .     Faith    .   V - +0 plate armour
rPois    +         Spirit   .   (helmet restricted)
rElec    +         Reflect  .   (no cloak)
rCorr    +         Harm     .   (no gloves)
MR       ++...                  Y - +2 pair of boots
Stlth    ..........             C - amulet of the gourmand
Regen    0.3/turn               s - ring of protection from magic
MPRegen  0.2/turn               N - ring of the Madman {Str+6 Stlth-}

@: mighty, lethally poisoned (-1 -> -24), resistant
A: retaliatory headbutt, horns 2, yellow scales 1, magic resistance 1
a: Heroism, Finesse, Renounce Religion


You were on level 2 of the Snake Pit.
You worshipped Okawaru.
Okawaru was exalted by your worship.
You were not hungry.

You visited 4 branches of the dungeon, and saw 15 of its levels.
You also visited: Ossuary.

You collected 843 gold pieces.
You spent 140 gold pieces at shops.

Inventory:

Hand Weapons
 b - a +1 scimitar of electrocution
 B - a +0 great sword
 U - the +9 falchion "Niuriss" (weapon) {venom, rElec rPois rN+ Dex+3}
   (You found it on level 9 of the Dungeon)

   It poisons the flesh of those it strikes.
   It affects your dexterity (+3).
   It insulates you from electricity.
   It protects you from poison.
   It protects you from negative energy.
Armour
 c - a +0 shield (worn)
 D - a +1 robe of cold resistance
 K - a +1 chain mail of magic resistance
 V - a +0 plate armour (worn)
 Y - a +2 pair of boots (worn)
Jewellery
 s - a ring of protection from magic (left hand)
 x - an uncursed ring of protection from cold
 A - a +4 ring of dexterity
 C - an amulet of the gourmand (around neck)
 N - the ring of the Madman (right hand) {Str+6 Stlth-}
   (You found it on level 7 of the Dungeon)

   [ring of loudness]

   It affects your strength (+6).
   It makes you less stealthy.
Wands
 y - a wand of confusion (31/48)
 E - a wand of enslavement (14/24)
 G - a wand of polymorph (14/24)
 I - a wand of acid (3/15)
 P - a wand of enslavement (10/24)
 Q - a wand of clouds (4/9)
Scrolls
 a - a scroll of enchant armour {unknown}
 e - 14 scrolls of identify
 i - 7 scrolls of teleportation {unknown}
 k - 4 scrolls of recharging {unknown}
 l - 4 scrolls of magic mapping {unknown}
 q - 3 scrolls of remove curse
 t - 2 scrolls of enchant weapon {unknown}
 v - a scroll of immolation {unknown}
 w - 2 scrolls of noise {unknown}
 F - 3 scrolls of fog {unknown}
 H - a scroll of fear {unknown}
 O - a scroll of vulnerability {unknown}
 R - a scroll of holy word {unknown}
 S - 2 scrolls of random uselessness {unknown}
Potions
 d - a potion of might
 h - 2 potions of magic {unknown}
 j - 3 potions of degeneration
 o - 4 potions of mutation
 p - 3 potions of resistance
 r - 5 potions of curing {unknown}
 u - a potion of cancellation {unknown}
 z - 3 potions of berserk rage {unknown}
 L - a potion of ambrosia {unknown}
 M - 3 potions of agility {unknown}
 T - 2 potions of haste {unknown}
Comestibles
 f - 3 bread rations
 g - 46 fruits
 m - 8 meat rations
 n - 17 royal jellies


   Skills:
 + Level 11.1 Fighting
 + Level 13.8 Long Blades
 + Level 12.3 Armour
 + Level 13.1 Shields
 + Level 1.2 Invocations


You had 11 spell levels left.
You didn't know any spells.

Dungeon Overview and Level Annotations

Branches:
Dungeon (10/15)            Temple (1/1) D:5            Lair (2/6) D:10
  Snake (2/4) Lair:2
  Swamp: Lair:2-4    Shoals: Lair:2-4       Orc: D:9-12

Altars:
Ashenzari
Dithmenos
Elyvilon
Fedhas
Gozag
Makhleb
Nemelex Xobeh
Okawaru
Qazlal
Sif Muna
Wu Jian
The Shining One

Shops:
D:6 ?   D:7 !   D:8 *   Snake:1 ?

Portals:
Trove: D:10 (give 13 potions of heal wounds)


Innate Abilities, Weirdness & Mutations

You reflexively headbutt those who attack you in melee.
You have a pair of horns on your head.
You are partially covered in yellow scales. (AC +2)
You are resistant to hostile enchantments. (MR+)


Message History

Things that are here:
a war axe; a robe It was a potion of mutation.
You feel extremely strange.
You feel resistant to hostile enchantments.
Yellow scales grow over part of your body.
* * * LOW HITPOINT WARNING * * *
You feel very sick. You block the black mamba's attack.
The black mamba bites you but does no damage.
You block the naga's attack. The naga closely misses you.
It was a potion of degeneration.
There was something very wrong with that liquid.
You feel weakened.
You feel dopey.
You feel clumsy.
* * * LOW HITPOINT WARNING * * *
You feel sick. The black mamba bites you.
* * * LOW HITPOINT WARNING * * *
Unknown command.
It was a potion of resistance.
You feel protected.
You die...

##...........#...<#
##..............##.SN...
##..##.................
##..##.#.#......#.....
##.....#.#..## ......
####.#......##.....
##.#...#.......
#N##..#...##
#@##N......#
#S#.....##..N...
#SS......# .....
##.......# .[..
##.......# #.. #########
#


You could see a guardian serpent, 2 black mambas and a naga.

Vanquished Creatures
  A naga warrior (Snake:2)
  3 two-headed ogres
  3 shock serpents
  A naga sharpshooter (Snake:1)
  2 mana vipers (Snake:1)
  2 salamanders
  A faun (Lair:1)
  Joseph (D:9)
  5 black mambas
  2 naga magi (Snake:1)
  A komodo dragon (Lair:1)
  3 polar bears
  A troll (D:9)
  A hornet (D:8)
  2 hippogriffs
  2 wraiths
  3 wyverns (D:10)
  9 yaks
  Menkaure (D:5)
  12 nagas
  An acid dragon (D:10)
  A soldier ant (D:8)
  A water moccasin (Lair:2)
  4 porcupines
  An orc warrior (D:8)
  A black bear (D:9)
  An ice beast (D:9)
  6 ogres
  A necrophage (D:7)
  26 wolves
  A centaur (D:8)
  3 crocodiles
  3 big kobolds
  2 bullfrogs
  A wyvern zombie (D:7)
  A water moccasin zombie (D:10)
  A hornet simulacrum (D:9)
  A scorpion (D:6)
  A howler monkey (D:7)
  4 crimson imps
  2 electric eels (D:9)
  2 bullfrog zombies (D:10)
  3 centaur zombies
  3 jellies
  A quasit (D:7)
  2 hounds
  An orc priest (D:4)
  A wyvern simulacrum (D:9)
  A bullfrog skeleton (D:6)
  4 iguanas
  10 orc wizards
  11 worker ants
  4 big kobold zombies (Ossuary)
  A hound skeleton (D:7)
  4 mummies (Ossuary)
  A worker ant zombie (D:5)
  12 adders
  3 shadow imps
  5 white imps (D:9)
  A worker ant simulacrum (D:9)
  4 ufetubi (D:9)
  2 worms
  A dart slug (D:4)
  An adder simulacrum (D:9)
  6 leopard geckos
  31 orcs
  5 giant cockroaches
  5 hobgoblins
  8 jackals
  21 kobolds
  2 quokkas
  2 ball pythons (D:3)
  7 bats
  4 frilled lizards
  5 goblins
  4 hobgoblin zombies (Ossuary)
  11 rats
308 creatures vanquished.

Vanquished Creatures (others)
  A fungus (Lair:1)
1 creature vanquished.

Grand Total: 309 creatures vanquished

Notes
Turn   | Place    | Note
-------+----------+-------------------------------------------
     0 | D:1      | Deathclocker the Minotaur Fighter began the quest for the Orb.
     0 | D:1      | Reached XP level 1. HP: 19/19 MP: 0/0
   212 | D:1      | Reached XP level 2. HP: 24/27 MP: 1/1
   500 | D:2      | Reached XP level 3. HP: 32/33 MP: 2/2
  1304 | D:2      | Found a stormy altar of Qazlal.
  1507 | D:3      | Reached XP level 4. HP: 34/40 MP: 3/3
  1578 | D:3      | Noticed an ogre
  1582 | D:3      | Killed an ogre
  1582 | D:3      | Reached XP level 5. HP: 28/47 MP: 4/4
  1752 | D:3      | Reached skill level 5 in Armour
  2332 | D:4      | Noticed an ogre
  2336 | D:4      | Killed an ogre
  2336 | D:4      | Reached skill level 5 in Long Blades
  2336 | D:4      | Reached XP level 6. HP: 43/53 MP: 5/5
  2348 | D:4      | Reached skill level 5 in Shields
  2753 | D:4      | You fall through a shaft for 3 floors!
  2804 | D:7      | Reached skill level 5 in Fighting
  2884 | D:7      | Reached XP level 7. HP: 56/61 MP: 6/6
  2936 | D:6      | Found a shattered altar of Ashenzari.
  2972 | D:5      | Entered Level 5 of the Dungeon
  3078 | D:4      | Found a deep blue altar of Sif Muna.
  3577 | D:5      | Found a staircase to the Ecumenical Temple.
  3585 | Temple   | Entered the Ecumenical Temple
  3600 | Temple   | Became a worshipper of Warmaster Okawaru
  3945 | D:5      | Noticed Menkaure
  3948 | D:5      | Killed Menkaure
  4260 | D:6      | Found a sparkling altar of Nemelex Xobeh.
  4420 | D:6      | Got a dull robe
  4431 | D:6      | Identified the +0 robe "Zony" {Dex+2} (You found it on level 6 of the Dungeon)
  4676 | D:6      | Found Xacuelauf's Magic Scroll Shop.
  4685 | D:6      | Bought a scroll of identify for 30 gold pieces
  4685 | D:6      | Bought a scroll of remove curse for 45 gold pieces
  4724 | D:6      | Reached XP level 8. HP: 64/70 MP: 7/7
  4833 | D:6      | Found a blossoming altar of Fedhas.
  5042 | D:7      | Found Usoud's Distillery.
  5050 | D:7      | Bought a potion of heal wounds for 65 gold pieces
  5082 | D:7      | Noticed a hippogriff
  5090 | D:7      | Killed a hippogriff
  5090 | D:7      | Reached * piety under Okawaru
  5184 | D:7      | Found a burning altar of Makhleb.
  5286 | D:7      | Got a crude copper ring
  5594 | D:8      | Found a glowing golden altar of the Shining One.
  5802 | D:8      | Reached XP level 9. HP: 37/78 MP: 8/8
  5897 | D:8      | Got a thick robe
  5903 | D:8      | Found a sand-covered staircase.
  5908 | Ossuary  | Entered an ossuary
  6073 | Ossuary  | Identified the +1 robe "Giank" {-Tele Dex+5} (You found it on level 8 of the Dungeon)
  6236 | D:8      | Reached ** piety under Okawaru
  6511 | D:8      | Noticed a two-headed ogre
  6525 | D:8      | HP: 3/79 [two-headed ogre/giant spiked club (16)]
  6542 | D:8      | HP: 1/79 [wraith (6)]
  6571 | D:8      | Reached skill level 10 in Long Blades
  6579 | D:8      | Killed a two-headed ogre
  7041 | D:8      | Reached *** piety under Okawaru
  7228 | D:8      | Found Zaclonn's Assorted Antiques.
  7281 | D:8      | Paralysed by a hornet for 2 turns
  7290 | D:8      | Reached XP level 10. HP: 42/88 MP: 6/9
  7864 | D:10     | Entered Level 10 of the Dungeon
  8215 | D:9      | Found a shadowy altar of Dithmenos.
  8252 | D:9      | Reached skill level 1 in Invocations
  8264 | D:9      | Reached **** piety under Okawaru
  8548 | D:9      | Got a dazzling falchion
  8549 | D:9      | Identified the +9 falchion "Niuriss" {venom, rElec rPois rN+ Dex+3} (You found it on level 9 of the Dungeon)
  8576 | D:9      | Reached skill level 10 in Shields
  8785 | D:9      | Found an ornate altar of the Wu Jian Council.
  8841 | D:9      | Noticed Joseph
  8852 | D:9      | Killed Joseph
  9143 | D:9      | Noticed a two-headed ogre
  9151 | D:9      | Killed a two-headed ogre
  9151 | D:9      | Reached skill level 10 in Armour
  9332 | D:10     | Found a portal to a secret trove of treasure.
  9413 | D:10     | Noticed a two-headed ogre
  9421 | D:10     | Killed a two-headed ogre
  9421 | D:10     | Reached XP level 11. HP: 84/97 MP: 10/10
  9491 | D:10     | Reached ***** piety under Okawaru
  9711 | D:10     | Found a staircase to the Lair.
  9716 | Lair:1   | Entered Level 1 of the Lair of Beasts
 10846 | Lair:2   | Reached skill level 10 in Fighting
 10918 | Lair:2   | Received a gift from Okawaru
 10943 | Lair:2   | Identified the ring of the Madman {Str+6 Stlth-} (You found it on level 7 of the Dungeon)
 10953 | Lair:2   | Found a staircase to the Snake Pit.
 11039 | Snake:1  | Entered Level 1 of the Snake Pit
 11039 | Snake:1  | Noticed a mana viper
 11047 | Snake:1  | Killed a mana viper
 11219 | Snake:1  | Noticed a naga sharpshooter
 11241 | Snake:1  | Killed a naga sharpshooter
 11438 | Snake:1  | Received a gift from Okawaru
 11438 | Snake:1  | Reached XP level 12. HP: 100/107 MP: 11/11
 11954 | Snake:1  | Found Eduusule's Magic Scroll Boutique.
 12255 | Snake:2  | Reached ****** piety under Okawaru
 12255 | Snake:2  | Received a gift from Okawaru
 12463 | Snake:2  | Noticed a naga warrior
 12477 | Snake:2  | Killed a naga warrior
 12499 | Snake:2  | Noticed a naga warrior
 12515 | Snake:2  | Gained mutation: You are resistant to hostile enchantments. (MR+) [potion of mutation]
 12515 | Snake:2  | Gained mutation: You are partially covered in yellow scales. (AC +2) [potion of mutation]
 12515 | Snake:2  | HP: 4/110 [poisoned by a naga (splash of poison)]
 12516 | Snake:2  | HP: 1/110 [black mamba (1)]
 12517 | Snake:2  | Succumbed to a naga's splash of poison

Vault maps used:
D:1:      dpeg_arrival_shelter, minmay_misc_feat_rows, eino_curves_04,
          minmay_unequal
D:2:      lemuel_coloured_pillars_altar, first_bread, grunt_ministairs_1
D:3:      serial_glass, glass_columns_c, glass_columns_a, minmay_misc_feat_iff,
          minmay_misc_feat_chi
D:4:      lemuel_round_altar
D:5:      minmay_temple_entry_glassed_door, uniq_menkaure
D:6:      kennysheep_mini_moat, old_standard_altar, serial_shops, shop_statue,
          fedhas_altar_fruit_tree
D:7:      makhleb_blood_cavern_becter, serial_shops, shop
D:8:      nicolae_ossuary_entry_ruins, serial_shops, nicolae_shop_trees,
          hangedman_pestilent_swarm, nicolae_tso_swordbearing_angel
D:9:      marbit_many_paths, lemuel_round_altar, serial_ice, serial_ice_k,
          serial_ice_b, serial_ice_n, serial_ice_d, serial_ice_m, serial_ice_c,
          serial_ice_g, serial_ice_h, serial_ice_e, serial_ice_o, uniq_joseph
D:10:     erik_lair_dragon, enter_trove_1
Temple:   regret_index_temple_waves
Lair:1:   minmay_stone_trees_medium, grunt_forest_large_clearings
Lair:2:   minmay_snake_entry_guardpost_medium
Snake:1:  serial_shops, nicolae_shop_temple_entry_statues_fountains,
          nicolae_snake_linked_coils
Snake:2:  serial_shops, nicolae_shop_trees, basic_altar
Ossuary:  ossuary_the_hunt_dpeg

Skill      XL: |  1  2  3  4  5  6  7  8  9 10 11 12 |
---------------+-------------------------------------+-----
Armour         | 4 5 6 7 8 10 11 12 | 12.3
Long Blades    | 3 4 5 6 7 9 10 11 13 | 13.8
Fighting       | 4 5 6 8 9 10 11 | 11.1
Shields        | 4 5 6 7 9 10 12 13 | 13.1
Invocations    | 1 |  1.2

Action                   |  1- 3 |  4- 6 |  7- 9 | 10-12 || total
-------------------------+-------+-------+-------+-------++-------
Melee: Long sword        |    90 |   105 |   429 |    99 ||   723
       Headbutt          |    11 |    17 |   123 |   123 ||   274
       Falchion          |       |       |       |   383 ||   383
Invok: Heroism           |       |       |     5 |     4 ||     9
  Use: Potion            |       |       |     2 |     8 ||    10
       Scroll            |       |       |       |     1 ||     1
  Eat: Chunk             |     1 |     5 |    14 |    15 ||    35
       Fruit             |       |       |     1 |     2 ||     3
Armor: Scale mail        |    33 |    13 |       |       ||    46
       Chain mail        |       |    32 |   136 |       ||   168
       Plate armour      |       |       |    34 |   234 ||   268
Dodge: Dodged            |    28 |    27 |    87 |    99 ||   241
Block: Shield            |    48 |    54 |   194 |   346 ||   642
       Rpst.: Long sword |     9 |     5 |    26 |     6 ||    46
       Falchion          |       |       |       |    19 ||    19
